 Dungeon Crawl Stone Soup version 0.28-a0-843-gb979743d38 (webtiles) character file.

Game seed: 14035145621340332646

907 Iepvzaeh the Covered (level 7, -1/60 (61) HPs)
             Began as a Minotaur Fighter on Nov 12, 2021.
             Was a Believer of Okawaru.
             Blown up by Maggie (14 damage)
             ... with a mindburst bolt
             ... on level 6 of the Dungeon.
             The game lasted 00:11:03 (3929 turns).

Iepvzaeh the Covered (Minotaur Fighter)             Turns: 3929, Time: 00:11:03

HP:   -1/60 (61)    AC: 13    Str: 23    XL:     7   Next: 81%
MP:   6/6           EV: 10    Int:  5    God:    Okawaru [**....]
Gold: 48            SH:  0    Dex:  9    Spells: 6/6 levels left

rFire   + . .      SeeInvis .   a - +0 battleaxe
rCold   . . .      Faith    .   (shield currently unavailable)
rNeg    . . .      Spirit   .   b - +0 scale mail
rPois   .          Reflect  .   (helmet restricted)
rElec   .          Harm     .   f - +0 cloak
rCorr   .          Rampage  .   (no gloves)
Will    .....                   (no boots)
Stlth   ..........              (no amulet)
HPRegen 0.20/turn               e - +4 ring of protection
MPRegen 0.10/turn               k - ring of protection from fire

@: mesmerised, lightly drained
A: horns 2, retaliatory headbutt
a: Renounce Religion, Heroism


You were on level 6 of the Dungeon.
You worshipped Okawaru.
Okawaru was pleased with you.
You visited 2 branches of the dungeon, and saw 7 of its levels.

You collected 138 gold pieces.
You spent 90 gold pieces at shops.

Inventory:

Hand Weapons
 a - a +0 battleaxe (weapon)
 w - a +0 war axe
Missiles
 h - 28 poisoned darts (quivered)
 q - 18 arrows
Armour
 b - a +0 scale mail (worn)
 c - a +0 buckler
 f - a +0 cloak (worn)
Jewellery
 e - a +4 ring of protection (left hand)
 k - a ring of protection from fire (right hand)
 p - a ring of wizardry
 s - an amulet of regeneration
Scrolls
 g - 3 scrolls of teleportation
 j - a scroll of amnesia
 l - 9 scrolls of enchant armour
 o - a scroll of holy word {unknown}
 r - a scroll of enchant weapon {unknown}
 t - a scroll of magic mapping {unknown}
 u - a scroll of immolation {unknown}
 v - 2 scrolls of identify
 y - a scroll of vulnerability {unknown}
Potions
 d - a potion of might
 i - a potion of resistance
 m - 2 potions of flight
 x - a potion of cancellation {unknown}


   Skills:
 + Level 5.1 Fighting
 + Level 6.4 Axes
 + Level 2.7 Throwing
 + Level 6.6 Armour
 + Level 2.4 Dodging
 + Level 4.8 Shields


You had 6 spell levels left.
You didn't know any spells.
Your spell library contained the following spells:

 Spells                   Type           Power      Damage    Failure   Level
 Gell's Gravitas          Tloc           0%         N/A       98%         3
 Lesser Beckoning         Tloc           0%         N/A       98%         3
 Portal Projectile        Hex/Tloc       0%         N/A       98%         3
 Teleport Other           Tloc           0%         N/A       98%         3
 Leda's Liquefaction      Hex/Erth       0%         N/A       100%        4
 Call Canine Familiar     Summ           Unusable   N/A       N/A         3

Dungeon Overview and Level Annotations

Branches:
Dungeon (6/15)             Temple (1/1) D:4

Altars:
Cheibriados
Dithmenos
Gozag
Okawaru
Ru
Sif Muna
Trog
Yredelemnul

Shops:
D:5 ?

Annotations:
D:2 Sigmund
D:4 Dowan, Duvessa
D:5 Pikel
D:6 Maggie


Innate Abilities, Weirdness & Mutations

You have a pair of horns on your head.
You reflexively headbutt those who attack you in melee.


Message History

Aim: Maggie, wielding a +2 long sword of flaming, wearing +0 steam dragon scales and carrying a wand of mindburst (19) (mesmerising, poisoned, 57% to hit)
You throw a poisoned dart. The poisoned dart hits Maggie.
Maggie looks even sicker.
Maggie says, "Leave now, and tell all of Margery's mercy!"
Maggie points at you and mumbles some strange words.
The bolt of fire hits you! You resist.
You slash the necrophage! Your headbutt misses the necrophage.
The necrophage is heavily damaged.
The necrophage closely misses you. You furiously retaliate!
You headbutt the necrophage! You closely miss the necrophage.
The necrophage is almost destroyed.
The necrophage hits you.
You feel drained. Maggie casts a spell at you. The bolt of fire hits you!
You resist.
The necrophage hits you but does no damage.
Maggie casts a spell.
Maggie draws you further into her thrall.
You closely miss the necrophage.
The necrophage is almost destroyed.
The necrophage barely misses you.
Maggie zaps a wand.
You struggle to resist.
You closely miss the necrophage.
The necrophage is almost destroyed.
The necrophage hits you but does no damage.
The necrophage hits you.
You closely miss the necrophage.
The necrophage is almost destroyed.
The necrophage closely misses you. You furiously retaliate!
You headbutt the necrophage, but do no damage.
Maggie points at you and mumbles some strange words.
The bolt of fire hits you! You resist.
You barely miss the necrophage.
The necrophage is almost destroyed.
The necrophage hits you but does no damage.
Maggie zaps a wand.
Your mind is blasted!
* * * LOW HITPOINT WARNING * * *
Unknown command.
You feel better. The necrophage closely misses you.
Maggie zaps a wand.
Your mind is blasted!
You die...

#...≈≈.≈#..≈≈# #
###.#≈≈≈.≈≈≈≈.≈n
########....♣≈♣.♣≈≈≈≈≈.
##.......###.#...≈≈..≈.
......#..##......#.≈
...##.#..##....#.# ♣
...<#.#..##....#.#
...............#.#
....#.#..#.....#@#
#.#.#.#..##......n......
#...#.#.###.....@.....[.
#####.# #........:...#
... .......(......# ####
...#..(.......#
......(.......#
......(.......#


You could see Maggie (mesmerising, poisoned) and a necrophage.

Vanquished Creatures
  Menkaure (D:5)
  2 ogres (D:5)
  A scorpion (D:5)
  Blork the orc (D:5)
  3 hounds
  2 jellies
  Crazy Yiuf (D:5)
  2 orc priests
  An iguana (D:5)
  Ijyb (D:3)
  3 orc wizards
  Robin (D:2)
  5 adders
  An ufetubus (D:5)
  8 orcs
  6 bats
  2 endoplasms
  11 goblins
  11 hobgoblins
  2 jackals (D:1)
  3 quokkas
  4 ball pythons
  5 frilled lizards
  A jackal skeleton (D:2)
  3 kobolds
  3 rats
84 creatures vanquished.

Vanquished Creatures (others)
  A plant (D:4)
1 creature vanquished.

Grand Total: 85 creatures vanquished

Notes
Turn   | Place    | Note
-------+----------+-------------------------------------------
     0 | D:1      | Iepvzaeh the Minotaur Fighter began the quest for the Orb.
     0 | D:1      | Reached XP level 1. HP: 19/19 MP: 0/0
     3 | D:1      | Noticed an electric eel
     4 | D:1      | Noticed an electric eel
   135 | D:1      | Reached XP level 2. HP: 27/27 MP: 1/1
   583 | D:2      | Noticed Robin
   676 | D:2      | Reached XP level 3. HP: 33/33 MP: 2/2
   683 | D:2      | Killed Robin
   770 | D:2      | Noticed Sigmund
   877 | D:2      | Reached XP level 4. HP: 41/41 MP: 3/3
  1291 | D:3      | Noticed Ijyb
  1326 | D:3      | Killed Ijyb
  1799 | D:4      | Reached XP level 5. HP: 45/47 MP: 4/4
  1904 | D:4      | Reached skill level 1 in Throwing
  1937 | D:4      | Reached skill level 1 in Dodging
  2042 | D:4      | Found a staircase to the Ecumenical Temple.
  2052 | Temple   | Entered the Ecumenical Temple
  2059 | Temple   | Became a worshipper of Warmaster Okawaru
  2112 | D:4      | Noticed Duvessa
  2112 | D:4      | Noticed Dowan
  2122 | D:5      | Entered Level 5 of the Dungeon
  2393 | D:5      | Noticed an ogre
  2396 | D:5      | Noticed Blork the orc
  2428 | D:5      | Killed an ogre
  2429 | D:5      | Reached skill level 5 in Axes
  2429 | D:5      | Reached skill level 5 in Armour
  2429 | D:5      | Reached XP level 6. HP: 38/53 MP: 5/5
  2697 | D:5      | Found a bloodstained altar of Trog.
  2730 | D:5      | Reached * piety under Okawaru
  2811 | D:5      | Noticed Menkaure
  2841 | D:5      | Killed Menkaure
  2842 | D:5      | Reached XP level 7. HP: 6/60 MP: 6/6
  3022 | D:5      | Reached skill level 5 in Fighting
  3166 | D:5      | Found Qeanwuf's Magic Scroll Emporium.
  3177 | D:5      | Bought a scroll of teleportation for 30 gold pieces
  3177 | D:5      | Bought 2 scrolls of identify for 40 gold pieces
  3177 | D:5      | Bought a scroll of identify for 20 gold pieces
  3277 | D:5      | Found a runed translucent door.
  3278 | D:5      | Noticed Crazy Yiuf
  3287 | D:5      | Killed Crazy Yiuf
  3421 | D:5      | Killed Blork the orc
  3543 | D:5      | Reached ** piety under Okawaru
  3563 | D:5      | Noticed Pikel
  3917 | D:6      | Noticed Maggie
  3929 | D:6      | Blown up by Maggie

Illustrated notes

Levels and vault maps discovered:
D:1:      arrival_aquarium_b, layout_basic
D:2:      layout_rooms, hellmonk_ecumenical_altar_run_dry, eino_tiny_chamber,
          uniq_sigmund, uniq_robin
D:3:      layout_loops_ring, minmay_misc_feat_ornament, uniq_ijyb
D:4:      lemuel_castle_with_subvaults [lemuel_castle_interior_carwin_2],
          layout_loops_ring, lemuel_doored_altar, fedhas_altar_decomposition,
          minmay_temple_entry_antechambers, nrook_campfire, uniq_duvessa
D:5:      layout_rooms, trog_three_pillars_becter, serial_shops,
          nicolae_shop_crystal, hex_medium, minmay_strange_pillars,
          solitary_fountain, minmay_misc_feat_enclosed, kennysheep_small_square,
          uniq_pikel, uniq_crazy_yiuf_cottage, uniq_menkaure, uniq_blork_the_orc
D:6:      minmay_clustersquares, layout_basic, serial_rivers,
          chequers_serial_rivers_small_b, chequers_serial_rivers_micro_a,
          chequers_serial_rivers_marsh, chequers_serial_rivers_micro_c,
          cheibrodos_sewer_entry_bend, kennysheep_generic_room_8, uniq_edmund,
          uniq_maggie, uniq_eustachio
Temple:   cyrus_circular_temple

Skill      XL: |  1  2  3  4  5  6  7 |
---------------+----------------------+-----
Armour         | 4 5 6 |  6.6
Fighting       | 4 5 |  5.1
Shields        | 4 |  4.8
Axes           | 3 4 5 6 |  6.4
Throwing       | 1 2 |  2.7
Dodging        | 1 2 |  2.4

Action                   |  1- 3 |  4- 6 |  7- 9 || total
-------------------------+-------+-------+-------++-------
Melee: War axe           |    63 |    93 |    12 ||   168
       Headbutt          |    14 |    12 |    10 ||    36
       Battleaxe         |       |       |    38 ||    38
Throw: Dart              |    12 |    15 |    17 ||    44
Invok: Heroism           |       |       |     1 ||     1
  Use: Potion            |       |     2 |     1 ||     3
       Scroll            |       |     1 |     3 ||     4
Armor: Scale mail        |    37 |    62 |    29 ||   128
Dodge: Dodged            |    35 |    55 |    33 ||   123
Block: Buckler           |    15 |    21 |     3 ||    39

Table legend: (Time is in decaauts)
 A = Elapsed time spent in this place.
 B = Non-inter-level travel time spent in this place.
 C = Inter-level travel time spent in this place.
 D = Time resting spent in this place.
 E = Time spent auto-exploring this place.
 F = Levels seen in this place.
 G = Mean time per level.
                   A        B        C        D        E       F      G
               +--------+--------+--------+--------+--------+-----+--------+
         Total |   3996 |   3862 |    134 |    735 |   2218 |   7 |  570.9 |
       Dungeon |   3981 |   3847 |    134 |    735 |   2218 |   6 |  663.5 |
        Temple |     14 |     14 |      0 |      0 |      0 |   1 |   14.0 |
               +--------+--------+--------+--------+--------+-----+--------+

Top non-repeatable levels by time:
     D:5: 1722 daAuts
     D:3: 799 daAuts
     D:1: 698 daAuts
     D:4: 397 daAuts
     D:2: 303 daAuts
     D:6: 60 daAuts
  Temple: 14 daAuts
